 Dungeon Crawl Stone Soup version 0.28.0-53-g5a82cb258f (webtiles) character file.

Game seed: 5395084188705688309

178 Tirrikindir the Ducker (level 5, 36/36 HPs)
             Began as an Octopode Fighter on Aug 15, 2022.
             Was an Initiate of Yredelemnul.
             Got out of the dungeon alive.
             The game lasted 00:04:52 (3010 turns).

Tirrikindir the Ducker (Octopode Fighter)           Turns: 3010, Time: 00:04:53

Health: 36/36      AC:  1    Str: 15    XL:     5   Next: 58%
Magic:  5/5        EV: 14    Int: 10    God:    Yredelemnul [......]
Gold:   93         SH:  5    Dex: 14    Spells: 4/4 levels left

rFire   . . .      SeeInvis .   a - +0 long sword
rCold   . . .      Faith    .   b - +0 buckler
rNeg    . . .      Spirit   .   (helmet restricted)
rPois   .          Reflect  .   (no amulet)
rElec   .          Harm     .   (no ring)
rCorr   .          Rampage  .   (no ring)
Will    .....                   (no ring)
Stlth   +++.......              (no ring)
HPRegen 0.12/turn               (no ring)
MPRegen 0.09/turn               (no ring)
                                (no ring)
                                (no ring)

@: no status effects
A: almost no armour, amphibious, 8 rings, camouflage 1, gelatinous body 1,
(nimble swimmer 1), tentacles
a: Renounce Religion, Recall Undead Harvest


You escaped.
You worshipped Yredelemnul.
Yredelemnul was noncommittal.
You visited 1 branch of the dungeon, and saw 3 of its levels.

You collected 93 gold pieces.

Inventory:

Hand Weapons
 a - a +0 long sword (weapon)
Armour
 b - a +0 buckler (worn)
Scrolls
 d - a scroll of enchant armour {unknown}
 h - a scroll of teleportation {unknown}
 i - 2 scrolls of magic mapping {unknown}
Potions
 c - 2 potions of might
 j - a potion of curing
 k - a potion of berserk rage {unknown}


   Skills:
 + Level 3.6 Fighting
 * Level 3.6 Long Blades
 + Level 3.7 Dodging
 + Level 2.7 Stealth
 + Level 3.6 Shields


You had 4 spell levels left.
You didn't know any spells.
Your spell library contained the following spells:

 Spells                   Type           Power      Damage    Failure   Level
 Corpse Rot               Necr/Air       0%         N/A       58%         2
 Poisonous Vapours        Pois/Air       0%         N/A       58%         2


Dungeon Overview and Level Annotations

Branches:
Dungeon (3/15)

Altars:
Yredelemnul


Innate Abilities, Weirdness & Mutations

You cannot wear most types of armour.
You are amphibious.
You can wear up to eight rings at the same time.
Your skin changes colour to match your surroundings (Stealth+).
Your rubbery body absorbs attacks. (AC +1, EV +1)
((You are camouflaged when in or above water. (Stealth+)))
You have tentacles for arms and can constrict up to eight enemies at once.


Message History

The ball python hisses angrily.
The ball python bites you. The ball python grabs you.
The ball python constricts you.
The adder hisses angrily.
You slash the ball python!
You kill the ball python!
The adder bites you.
You miss the adder. Your grab misses the adder. The adder bites you.
You hit the adder but do no damage. You grab the adder.
You constrict the adder. You block the adder's attack.
The adder closely misses you.
You hit the adder. You squeeze the adder.
You kill the adder!
You now have 93 gold pieces (gained 18).
You see here an adder corpse.
i - 2 scrolls labelled KAETAI EZADOMEM (gained 1)
There is a faded altar of an unknown god here.
You cannot tell which god this altar belongs to.
Convert to them anyway?
Yredelemnul accepts your prayer! Yredelemnul welcomes you!
You can now reap souls.
You can now recall your undead harvest.
(D) Dungeon
Where to? (Enter - D:3, ? - help)
There is a stone staircase leading up here.
You climb upwards.
Your mindless puppet stays behind to rot.
There is a stone staircase leading down here.
(D) Dungeon
Where to? (Enter - D:2, ? - help)
What level of the Dungeon? (default 1, ? - help) HP restored.
There is a stone staircase leading up here.
You climb upwards.
There is a stone staircase leading down here.
Things that are here:
a stone; a +0 dagger
There is an open gate here.
There is a staircase leading out of the dungeon here.
Are you sure you want to leave the Dungeon?
This will make you lose the game!
You have escaped!

♣...# #..# ♣...#
########.# ♣...#
#......... ♣♣...##
#.####.#.#
♣.....###.# #.#..
♣♣......##.####.##.
♣.8..8..8#.##......
♣♣........'....#.#..
♣..@......'..##.###.
♣♣........'....## ##
♣.8..8..8#.....###.
♣.......#######.#..
♣......##.# ##.#.
♣♣....###^# #.#.
♣....###.## #.#.
♣♣...##...#####.#.
♣♣..##.........#.


There were no monsters in sight!

Vanquished Creatures
  Terence (D:3)
  Natasha (twice) (D:3)
  5 adders
  4 dart slugs
  5 ball pythons
  3 endoplasms
  4 goblins
  10 hobgoblins
  A quokka (D:1)
  2 bats
  3 frilled lizards
  4 kobolds
  8 rats
52 creatures vanquished.

Notes
Turn   | Place    | Note
-------+----------+-------------------------------------------
     0 | D:1      | Tirrikindir the Octopode Fighter began the quest for the
                  | Orb.
     0 | D:1      | Reached XP level 1. HP: 16/16 MP: 1/1
   289 | D:1      | Reached XP level 2. HP: 21/21 MP: 2/2
   620 | D:1      | Reached skill level 1 in Stealth
   867 | D:2      | Reached XP level 3. HP: 26/26 MP: 3/3
  1441 | D:2      | Reached XP level 4. HP: 31/31 MP: 4/4
  1858 | D:3      | Noticed Terence
  1868 | D:3      | Killed Terence
  2171 | D:3      | Noticed Natasha
  2177 | D:3      | Killed Natasha
  2178 | D:3      | Reached XP level 5. HP: 14/36 MP: 5/5
  2753 | D:3      | Noticed Natasha
  2759 | D:3      | Killed Natasha
  2900 | D:3      | Found a faded altar of an unknown god.
  2916 | D:3      | Prayed at the altar of an unknown god.
  2916 | D:3      | Became a worshipper of Yredelemnul the Dark
  2916 | D:3      | Reached * piety under Yredelemnul
  3010 | D:$      | Got out of the dungeon alive.

Illustrated notes

Levels and vault maps discovered:
D:1:      kennysheep_arrival_forest, layout_loops_ring
D:2:      layout_loops_corners
D:3:      layout_basic, ebering_ecumenical_altar_webs, corexii_leaking_fountain,
          uniq_terence, uniq_sigmund, uniq_natasha

Skill      XL: |  1  2  3  4 |
---------------+-------------+-----
Stealth        | 1 2 |  2.7
Long Blades    | 3 |  3.6
Fighting       | |  3.6
Dodging        | |  3.7
Shields        | |  3.6

Action                   |  1- 3 |  4- 6 || total
-------------------------+-------+-------++-------
Melee: Long sword        |    42 |    45 ||    87
       Constrict         |     8 |    14 ||    22
       Tentacles         |     6 |    13 ||    19
       Punch             |     1 |     3 ||     4
  Use: Scroll            |       |     4 ||     4
       Potion            |       |     1 ||     1
 Stab: Sleeping          |    11 |     8 ||    19
Armor: Skin              |       |     2 ||     2
Dodge: Dodged            |    26 |    12 ||    38
Block: Buckler           |     5 |     6 ||    11
